 Dungeon Crawl Stone Soup version 0.23-a0-87-g5f73bc1 (webtiles) character file.

91459 Scytalen the Brawler (level 16, 133/133 HPs)
             Began as a Ghoul Monk on Oct 15, 2017.
             Was the Champion of Nemelex Xobeh.
             Quit the game on level 14 of the Dungeon on Aug 15, 2018.
             The game lasted 02:23:48 (21563 turns).

Scytalen the Brawler (Ghoul Monk)                  Turns: 21563, Time: 02:23:48

Health: 133/133    AC: 10    Str: 23    XL:     16   Next: 3%
Magic:  25/25      EV: 15    Int: 11    God:    Nemelex Xobeh [******]
Gold:   400        SH:  6    Dex: 18    Spells: 4/15 levels left

rFire    . . .     SeeInvis .     - Unarmed
rCold    + + +     Gourm    .   (no shield)
rNeg     + + +     Faith    .   x - +1 robe of Veunly {rPois rC+ rCorr Str+2}
rPois    ∞         Spirit   .   Y - +1 helmet
rElec    .         Reflect  +   Q - +1 cloak
rCorr    +         Harm     .   (no gloves)
MR       +....                  w - +0 pair of boots
Stlth    ++........             f - +6 amulet of reflection
HPRegen  0.32/turn              p - ring of Uphepu {rC+ rN+ Str+3 Int+3 Dex+3}
MPRegen  0.19/turn              m - ring "Wianluz" {rCorr +Blink rC+ Dex+3}

@: rotting
A: rotting body, claws 1, carnivore, cold resistance 1, negative energy
resistance 3, inhibited regeneration, torment resistance, unbreathing
a: Triple Draw, Deal Four, Stack Five, Renounce Religion, Evoke Blink


You were on level 14 of the Dungeon.
You worshipped Nemelex Xobeh.
Nemelex Xobeh was exalted by your worship.
You were not hungry.

You visited 3 branches of the dungeon, and saw 22 of its levels.
You also visited: Ossuary and Ice Cave.

You collected 2388 gold pieces.
You spent 1988 gold pieces at shops.

Inventory:

Missiles
 c - 445 stones (quivered)
Armour
 w - a +0 pair of boots (worn)
 x - the +1 robe of Veunly (worn) {rPois rC+ rCorr Str+2}
   (You found it on level 13 of the Dungeon)

   It affects your strength (+2).
   It protects you from cold.
   It protects you from poison.
   It provides partial protection from all sources of acid and corrosion.
 Q - a +1 cloak (worn)
 Y - a +1 helmet (worn)
Jewellery
 f - a +6 amulet of reflection (around neck)
 m - the ring "Wianluz" (right claw) {rCorr +Blink rC+ Dex+3}
   (You bought it in a shop on level 1 of the Orcish Mines)

   [ring of resist corrosion]

   It affects your dexterity (+3).
   It protects you from cold.
   It lets you blink.
 p - the ring of Uphepu (left claw) {rC+ rN+ Str+3 Int+3 Dex+3}
   (You bought it in a shop on level 1 of the Orcish Mines)

   [ring of protection from cold]

   It affects your strength (+3).
   It affects your intelligence (+3).
   It affects your dexterity (+3).
   It protects you from cold.
   It protects you from negative energy.
 X - an uncursed ring of protection from magic
Wands
 j - a wand of digging (5)
 L - a wand of digging (10)
 P - a wand of removedness (8)
Scrolls
 a - a scroll of brand weapon
 d - 4 scrolls of fear
 h - 13 scrolls of remove curse
 n - 4 scrolls of amnesia
 s - 4 scrolls of enchant armour
 v - 10 scrolls of teleportation
 y - 2 scrolls of silence
 J - 3 scrolls of fog
 M - a scroll of summoning
 N - 2 scrolls of magic mapping
 S - 2 scrolls of removedness
 T - 8 scrolls of identify
Potions
 e - 6 potions of brilliance
 o - 4 potions of invisibility
 r - 4 potions of might
 A - 4 potions of curing
 C - 7 potions of heal wounds
 D - 2 potions of flight
 E - 11 potions of haste
 F - 6 potions of agility
 H - 2 potions of magic
 K - 3 potions of ambrosia
 U - 2 potions of cancellation
Miscellaneous
 g - a sack of spiders
 k - a legendary deck of summoning
 l - a legendary deck of destruction
 q - a legendary deck of destruction
 t - a legendary deck of escape
 u - a legendary deck of destruction
 z - a legendary deck of summoning {drawn: 2}
 B - an ornate deck of summoning {drawn: 3}
 G - an ornate deck of escape
 O - a legendary deck of summoning
 V - a fan of gales
 W - an ornate deck of destruction {drawn: 1}
Comestibles
 b - 16 rations
 i - 10 chunks of flesh
 R - a ration


   Skills:
 + Level 9.7 Fighting
 - Level 11.3 Armour
 * Level 5.0 Dodging
 - Level 2.1 Stealth
 - Level 19.8 Unarmed Combat
 + Level 2.2 Charms
 + Level 2.8 Ice Magic
 + Level 13.8 Invocations


You had 4 spell levels left.
You knew the following spells:

 Your Spells              Type           Power        Failure   Level  Hunger
a - Ozocubu's Armour      Chrm/Ice       #.......     36%         3    ####...
b - Ensorcelled Hibernat  Hex/Ice        #.....       30%         2    ###....
c - Freezing Cloud        Conj/Ice/Air   #.........   100%        6    #######
Your spell library was empty.

Dungeon Overview and Level Annotations

Branches:
Dungeon (14/15)            Temple (0/1) D:4            Lair (6/6) D:9
 Shoals (0/4) Lair:4       Spider (0/4) Lair:4        Slime (0/5) Lair:6
    Orc (2/2) D:10            Elf (0/3) Orc:2        Vaults (0/5) D:13

Altars:
Ashenzari
Elyvilon
Fedhas
Gozag
Nemelex Xobeh
Okawaru
Ru
Sif Muna
Wu Jian
Zin
The Shining One
Beogh
Jiyva

Shops:
D:7 [   D:13 *   D:14 }   Orc:1 =   Orc:2 ?*!}


Innate Abilities, Weirdness & Mutations

Your body is rotting away.
You thrive on raw meat.
You are immune to poison.
You have sharp fingernails.
You are carnivorous and can eat meat at any time.
Your flesh is cold resistant. (rC+)
You are immune to negative energy. (rN+++)
You do not regenerate when monsters are visible.
You are immune to unholy pain and torment.
You can survive without breathing.


Message History

The gargoyle is severely damaged.
The gargoyle barely misses you.
You barely miss the gargoyle.
The gargoyle is severely damaged.
You completely miss the gargoyle.
You claw the gargoyle, but do no damage.
The gargoyle is severely damaged.
The gargoyle hits you but does no damage.
You barely miss the gargoyle.
The gargoyle is severely damaged.
You scratch the gargoyle. You claw the gargoyle.
You destroy the gargoyle!
No target in view!
No target in view!
Health restored: 133 Saving game... please wait.
Welcome back, Scytalen the Ghoul Monk.
Nemelex Xobeh says: It's all in the cards!
Press ? for a list of commands and other information.
Are you sure you want to abandon this character and quit the game? (Confirm with "yes".)

.# #.# #.#.# #..### .#
#.#####.#.# #....## .#
#.....>...# #..#..## ##
#.###...### #..#≈.≈## #### #.#
#.### #).≈≈.≈≈# ...######.# #.#
#..≈≈∩≈≈# ..........# #.#
#..≈≈≈≈≈##
...######.##.#.######...≈≈≈....
#### #...###)@).....########.#
#.##.#.#####''## #.###!## ♣..♣
#.# #.# ...... #.# .## .......♣
..## .......K.♣ ###.#
.........4.♣ .....
...♣♣♣♣♣♣.K.. # ...♣ ♣...


There were no monsters in sight!

Vanquished Creatures
  Rupert (Lair:4)
  Kirke (Lair:6)
  A stone giant (Orc:2)
  3 hydras
  2 ogre magi (Orc:2)
  An ice dragon (Lair:6)
  2 vault guards (D:13)
  A centaur warrior (D:13)
  11 two-headed ogres
  A tengu warrior (D:13)
  2 wizards (D:13)
  4 unseen horrors
  A swamp dragon (Lair:6)
  2 lindwurms (Lair:6)
  2 deep trolls (Orc:1)
  4 necromancers
  2 orc knights
  A wolf spider (Lair:6)
  A wolf spider zombie (D:12)
  3 cyclopes
  14 ugly things
  2 deep elf magi (D:14)
  A manticore (D:11)
  A centaur zombie (D:14)
  5 elephants (Lair:6)
  5 torpor snails (Lair:6)
  2 black mambas
  10 spiny frogs
  An ice statue (IceCv)
  4 gargoyles
  3 rime drakes
  A kobold demonologist (D:14)
  7 freezing wraiths
  3 komodo dragons
  A merfolk (D:11)
  2 tengu conjurers (D:14)
  8 slime creatures
  A meliai (shapeshifter) (D:14)
  13 trolls
  7 polar bears (Lair:6)
  A wolf spider simulacrum (IceCv)
  8 hornets
  3 tyrant leeches (Lair:6)
  4 blink frogs (Lair:5)
  5 hippogriffs
  A raiju (Lair:6)
  A snapping turtle (Lair:4)
  6 dream sheep (Lair:5)
  Sigmund (D:2)
  A redback (Lair:6)
  A wyvern (D:13)
  32 yaks
  5 wraiths
  4 basilisks
  3 hogs (Lair:6)
  2 hungry ghosts
  18 humans (D:13)
  A death yak simulacrum (IceCv)
  6 wargs
  2 vampire mosquitoes (D:13)
  16 hell hounds
  7 porcupines
  5 water moccasins
  A black bear (shapeshifter) (D:13)
  6 ice beasts
  12 orc warriors
  A sky beast (shapeshifter) (D:13)
  2 eyes of draining
  Purgy (D:3)
  13 black bears
  2 sky beasts
  A phantom (D:14)
  18 wolves
  9 crocodiles
  10 centaurs
  25 ogres
  A big kobold (D:9)
  13 bullfrogs
  4 scorpions
  2 wyvern skeletons
  3 wights (D:11)
  2 electric eels
  3 howler monkeys
  6 crimson imps
  6 draconian simulacra (IceCv)
  7 hounds
  14 jellies
  2 quasits
  A wyvern simulacrum (D:14)
  6 centaur skeletons
  12 orc priests
  13 orc wizards
  2 bullfrog skeletons
  11 worker ants
  3 iguanas
  4 troll simulacra (IceCv)
  2 hell rats (Lair:3)
  2 spriggan simulacra (IceCv)
  A wolf simulacrum (IceCv)
  A big kobold zombie (Ossuary)
  4 centaur simulacra (IceCv)
  2 mummies (Ossuary)
  2 worker ant zombies
  17 gnolls
  14 adders
  A naga simulacrum (IceCv)
  2 ogre simulacra (IceCv)
  7 river rats (Lair:3)
  4 shadow imps
  10 white imps (IceCv)
  15 oozes
  4 adder zombies (Ossuary)
  An adder skeleton (D:10)
  3 dart slugs
  6 leopard geckos
  62 orcs
  13 bats
  7 giant cockroaches
  3 gnoll zombies (Ossuary)
  8 goblins
  10 hobgoblins
  21 jackals
  7 kobolds
  12 quokkas
  2 ball pythons (D:3)
  2 frilled lizards (D:2)
  8 hobgoblin zombies (Ossuary)
  2 jackal skeletons
  10 kobold zombies (Ossuary)
  4 orc zombies (Ossuary)
  9 rats
  A fungus (Lair:6)
  A plant (Lair:6)
766 creatures vanquished.

Vanquished Creatures (collateral kills)
  Josephine (Lair:5)
  The ghost of Xiguana the Thaumaturge, a journeyman GnSk of Vehumet (IceCv)
  A hydra (Lair:3)
  2 two-headed ogres
  A fire crab (Lair:6)
  2 slime creatures (D:14)
  An elephant (Lair:6)
  A gargoyle (D:7)
  3 komodo dragons
  A spiny frog (Lair:6)
  4 freezing wraiths (IceCv)
  3 polar bears (Lair:6)
  A raiju (Lair:6)
  A hippogriff (Lair:6)
  A wraith (Lair:5)
  A warg (Lair:6)
  A water moccasin (Lair:6)
  A porcupine (Lair:3)
  A hell hound (Lair:6)
  2 orc warriors (D:10)
  2 black bears (Lair:6)
  An ice beast (IceCv)
  2 ogres
  A centaur (D:6)
  A crocodile (Lair:4)
  Blork the orc (D:6)
  An orc priest (D:10)
  3 orc wizards
  2 centaur skeletons
  A worker ant (D:6)
  A polar bear simulacrum (IceCv)
  An ogre simulacrum (IceCv)
  2 white imps (IceCv)
  7 orcs
  A fungus (Lair:6)
57 creatures vanquished.

Vanquished Creatures (others)
  2 humans (Lair:6)
  A bush (Lair:6)
  19 fungi
  30 plants (Lair:6)
52 creatures vanquished.

Grand Total: 875 creatures vanquished

Notes
Turn   | Place    | Note
-------+----------+-------------------------------------------
     0 | D:1      | Scytalen the Ghoul Monk began the quest for the Orb.
     0 | D:1      | Reached XP level 1. HP: 19/19 MP: 0/0
    52 | D:1      | Reached XP level 2. HP: 21/26 MP: 1/1
    65 | D:1      | Reached skill level 4 in Unarmed Combat
   308 | D:1      | Reached XP level 3. HP: 23/31 MP: 2/2
   766 | D:2      | Reached skill level 5 in Unarmed Combat
   887 | D:2      | Noticed Sigmund
   935 | D:2      | Reached XP level 4. HP: 32/38 MP: 3/3
   967 | D:2      | Reached skill level 6 in Unarmed Combat
   967 | D:2      | Reached XP level 5. HP: 32/45 MP: 4/4
  1061 | D:2      | Killed Sigmund
  1061 | D:2      | Reached skill level 7 in Unarmed Combat
  1061 | D:2      | Reached XP level 6. HP: 51/51 MP: 5/5
  1522 | D:3      | Found a sparkling altar of Nemelex Xobeh.
  1551 | D:3      | Became a worshipper of Nemelex Xobeh the Trickster
  1551 | D:3      | Received a gift from Nemelex Xobeh
  1551 | D:3      | Reached * piety under Nemelex Xobeh
  1551 | D:3      | Received a gift from Nemelex Xobeh
  1551 | D:3      | Reached ** piety under Nemelex Xobeh
  1565 | D:3      | Found an opulent altar of Gozag.
  1733 | D:3      | Received a gift from Nemelex Xobeh
  1812 | D:3      | Noticed Purgy
  1820 | D:3      | Killed Purgy
  1820 | D:3      | Reached skill level 8 in Unarmed Combat
  1820 | D:3      | Reached XP level 7. HP: 53/57 MP: 6/6
  2063 | D:3      | Found a blossoming altar of Fedhas.
  2343 | D:4      | Found a sand-covered staircase.
  2352 | Ossuary  | Entered an ossuary
  2430 | Ossuary  | Reached skill level 9 in Unarmed Combat
  2458 | Ossuary  | Received a gift from Nemelex Xobeh
  2649 | D:4      | Found a staircase to the Ecumenical Temple.
  2810 | D:4      | Found an ornate altar of the Wu Jian Council.
  2867 | D:4      | Reached *** piety under Nemelex Xobeh
  3023 | D:4      | Received a gift from Nemelex Xobeh
  3088 | D:5      | Entered Level 5 of the Dungeon
  3288 | D:5      | Reached skill level 1 in Invocations
  3432 | D:5      | Reached skill level 10 in Unarmed Combat
  3432 | D:5      | Reached XP level 8. HP: 48/63 MP: 6/8
  3507 | D:5      | Found a glowing silver altar of Zin.
  3637 | D:6      | Noticed Blork the orc
  3645 | D:6      | Killed Blork the orc
  4038 | D:6      | Reached skill level 1 in Armour
  4305 | D:7      | Received a gift from Nemelex Xobeh
  4323 | D:6      | Reached skill level 11 in Unarmed Combat
  4369 | D:7      | Found Ara Uqel's Armour Emporium.
  4485 | D:7      | Reached XP level 9. HP: 57/69 MP: 9/11
  4510 | D:7      | Noticed a two-headed ogre
  4515 | D:7      | Killed a two-headed ogre
  4515 | D:7      | Reached skill level 12 in Unarmed Combat
  4515 | D:7      | Reached skill level 5 in Invocations
  4644 | D:7      | Found a glowing golden altar of the Shining One.
  4697 | D:7      | Reached **** piety under Nemelex Xobeh
  4883 | D:7      | Noticed a gargoyle
  4891 | D:7      | Killed a gargoyle
  4895 | D:7      | Found a deep blue altar of Sif Muna.
  4900 | D:7      | Found a white marble altar of Elyvilon.
  5195 | D:8      | Found an iron altar of Okawaru.
  5208 | D:8      | Found a shattered altar of Ashenzari.
  5256 | D:8      | Reached XP level 10. HP: 77/77 MP: 13/13
  5336 | D:8      | Received a gift from Nemelex Xobeh
  5350 | D:8      | Noticed a green ugly thing
  5368 | D:8      | Killed a green ugly thing
  5368 | D:8      | Reached skill level 13 in Unarmed Combat
  5665 | D:9      | Found a staircase to the Lair.
  5854 | D:9      | Reached skill level 5 in Armour
  6134 | D:10     | Entered Level 10 of the Dungeon
  6283 | D:10     | Found a viscous altar of Jiyva.
  6462 | D:10     | Found a staircase to the Orcish Mines.
  6492 | D:10     | Upgraded the game from 0.21-a0-369-g397cdb2 to 0.21-a0-380-gd65dc97
  6513 | D:10     | Noticed a two-headed ogre
  6526 | D:10     | Killed a two-headed ogre
  6656 | D:10     | Received a gift from Nemelex Xobeh
  6962 | D:11     | Noticed a brown ugly thing
  6962 | D:11     | Noticed a gargoyle
  6984 | D:10     | Reached skill level 14 in Unarmed Combat
  7051 | D:11     | Found a sacrificial altar of Ru.
  7061 | D:11     | Noticed a manticore
  7169 | D:10     | Reached XP level 11. HP: 42/82 MP: 15/15
  7200 | D:11     | Killed a manticore
  7236 | D:11     | Noticed a red ugly thing
  7239 | D:11     | Noticed a two-headed ogre
  7309 | Lair:1   | Entered Level 1 of the Lair of Beasts
  7601 | Lair:1   | Reached ***** piety under Nemelex Xobeh
  7684 | Lair:1   | Found a frozen archway.
  7700 | IceCv    | Entered an ice cave
  7700 | IceCv    | Received a gift from Nemelex Xobeh
  7700 | IceCv    | Noticed Xiguana's ghost (journeyman GnSk)
  7715 | IceCv    | Killed Xiguana's ghost
  7759 | IceCv    | Reached skill level 15 in Unarmed Combat
  8275 | IceCv    | Noticed a necromancer
  8286 | IceCv    | Killed a necromancer
  8635 | IceCv    | Reached XP level 12. HP: 24/88 MP: 18/18
  9032 | IceCv    | Found an ancient bone altar of Kikubaaqudgha.
 10233 | Lair:2   | Received a gift from Nemelex Xobeh
 10773 | Lair:2   | Reached skill level 10 in Invocations
 10806 | Lair:2   | Reached skill level 16 in Unarmed Combat
 11286 | Lair:3   | Received a gift from Nemelex Xobeh
 11667 | Lair:3   | Noticed a five-headed hydra
 11678 | Lair:3   | Killed a five-headed hydra
 11780 | Lair:3   | Received a gift from Nemelex Xobeh
 12339 | Lair:4   | Upgraded the game from 0.21-a0-380-gd65dc97 to 0.21-a0-400-g417d9d2
 12362 | Lair:4   | Found a hole to the Spider Nest.
 12435 | Lair:4   | Received a gift from Nemelex Xobeh
 12750 | Lair:4   | Noticed Rupert
 12763 | Lair:4   | Killed Rupert
 12840 | Lair:4   | Received a gift from Nemelex Xobeh
 13137 | Lair:4   | Found a staircase to the Shoals.
 13492 | Lair:5   | Identified Benlargh's Collected Works on the Entourage
 13592 | Lair:5   | Reached XP level 13. HP: 94/94 MP: 20/20
 13594 | Lair:5   | Reached skill level 17 in Unarmed Combat
 13672 | Lair:5   | Received a gift from Nemelex Xobeh
 13727 | Lair:5   | Received a gift from Nemelex Xobeh
 14344 | Lair:6   | Entered Level 6 of the Lair of Beasts
 14354 | Lair:6   | Found a staircase to the Slime Pits.
 14355 | Lair:6   | Found a viscous altar of Jiyva.
 14523 | Lair:6   | Noticed Kirke
 14544 | Lair:6   | Killed Kirke
 14607 | Lair:6   | Reached ****** piety under Nemelex Xobeh
 14635 | Lair:6   | Received a gift from Nemelex Xobeh
 14839 | Lair:6   | Reached skill level 5 in Fighting
 15131 | Lair:6   | Reached skill level 18 in Unarmed Combat
 15296 | Lair:6   | Reached XP level 14. HP: 101/108 MP: 21/21
 15372 | Lair:6   | Reached skill level 10 in Armour
 15524 | Lair:6   | Noticed Josephine
 15547 | Lair:5   | Killed Josephine
 15809 | Lair:6   | Found a runed door.
 16385 | Orc:1    | Entered Level 1 of the Orcish Mines
 16429 | Orc:1    | Found Xeolliewa's Jewellery Shop.
 16437 | Orc:1    | Bought the ring of Uphepu {rC+ rN+ Str+3 Int+3 Dex+3} for 771 gold pieces
 16440 | Orc:1    | Bought the ring "Wianluz" {rCorr +Blink rC+ Dex+3} for 662 gold pieces
 16711 | Orc:2    | Entered Level 2 of the Orcish Mines
 16779 | Orc:2    | Found a staircase to the Elven Halls.
 16891 | Orc:2    | Received a gift from Nemelex Xobeh
 16891 | Orc:2    | Noticed a stone giant
 16912 | Orc:2    | Killed a stone giant
 17349 | Orc:2    | Found Huaxt's Magic Scroll Shoppe.
 17625 | Orc:2    | Reached skill level 19 in Unarmed Combat
 17781 | Orc:2    | Found Vuneor's Distillery.
 17793 | Orc:2    | Found Deoreume's Gadget Boutique.
 17896 | Orc:2    | Paralysed by an ogre mage for 2 turns
 17899 | Orc:2    | Reached XP level 15. HP: 98/121 MP: 23/23
 17906 | Orc:2    | Bought a scroll of silence for 105 gold pieces
 17909 | Orc:2    | Found Ubbir's General Store.
 18081 | Orc:2    | Found a roughly hewn altar of Beogh.
 18134 | Orc:2    | Received a gift from Nemelex Xobeh
 18424 | D:11     | Upgraded the game from 0.21-a0-400-g417d9d2 to 0.21-a0-401-g0b6bec4
 19385 | D:13     | Received a gift from Nemelex Xobeh
 19883 | D:13     | Got a creamy pearl robe
 19894 | D:13     | Identified the +1 robe of Veunly {rPois rC+ rCorr Str+2} (You found it on level 13 of the Dungeon)
 20019 | D:13     | Found a gate to the Vaults.
 20099 | D:13     | Learned a level 3 spell: Ozocubu's Armour
 20143 | D:13     | Found Curu Loude's Assorted Antiques.
 20153 | D:13     | Bought a papyrus book for 450 gold pieces
 20156 | D:13     | Learned a level 2 spell: Ensorcelled Hibernation
 20419 | D:13     | Learned a level 6 spell: Freezing Cloud
 20559 | D:13     | Reached skill level 1 in Ice Magic
 20724 | D:13     | Reached skill level 1 in Charms
 21043 | D:14     | Received a gift from Nemelex Xobeh
 21483 | D:14     | Found Woip's Gadget Shoppe.
 21517 | D:14     | Reached XP level 16. HP: 116/133 MP: 25/25
 21552 | D:14     | Reached skill level 5 in Dodging
 21563 | D:14     | Quit the game

Vault maps used:
D:1:      ncdulo_halloftheorcs, minmay_hexomino_u4
D:2:      palyth_stone_intersect, uniq_sigmund
D:3:      lemuel_coloured_pillars_altar, lemuel_doored_altar,
          nicolae_gozag_cash_rules_everything_around_me, uniq_purgy
D:4:      overflow_temple_1_default, temple_green, enter_ossuary_1
D:5:      zin_scriptorium, first_bread
D:6:      uniq_blork_the_orc
D:7:      minitemple, basic_altar, serial_shops, kennysheep_mini_moat
D:8:      okawaru_gym_becter, cheibrodos_ashenzari_chains
D:9:      minmay_lair_entry_lava, blue_anna_alchemist
D:10:     erik_orc_3, jiyva_altar_1
D:11:     basic_altar
D:13:     grunt_vaults_entry_tiered, serial_shops, shop,
          kennysheep_opposing_triangles
D:14:     kennysheep_big_empty_room, serial_shops, nicolae_shop_waterfront
Lair:1:   portal_ice_cave_rime, serial_bayou, serial_bayou_lagoon_a,
          serial_bayou_pond_d, serial_bayou_pond_e, serial_bayou_ford_a
Lair:2:   lemuel_slime
Lair:3:   kennysheep_rathole
Lair:4:   minmay_shoals_entry_hut, dummy_spider_entry, uniq_rupert
Lair:5:   minivault_25, serial_bayou_shore_b
Lair:6:   hangedman_lair_caniforms_friends, wormcave, slime_altar_1, uniq_kirke,
          uniq_josephine
Orc:1:    serial_shops, nicolae_shop_statue_plus
Orc:2:    st_orc_open, basic_altar
Ossuary:  ossuary_tomb_2
IceCv:    ice_cave_small_necro

Skill      XL: |  1  2  3  4  5  6  7  8  9 10 11 12 13 14 15 16 |
---------------+-------------------------------------------------+-----
Unarmed Combat | 4 5 6 7 8 10 11 12 14 15 16 18 19 | 19.8
Invocations    | 1 4 6 7 9 10 11 12 13 | 13.8
Armour         | 2 4 5 7 8 9 10 11 | 11.3
Fighting       | 5 8 9 |  9.7
Dodging        | 4 5 |  5.0
Ice Magic      | 2 |  2.8
Charms         | 2 |  2.2
Stealth        | |  2.1

Action                   |  1- 3 |  4- 6 |  7- 9 | 10-12 | 13-15 | 16-18 || total
-------------------------+-------+-------+-------+-------+-------+-------++-------
Melee: Unarmed           |   126 |    71 |   466 |   723 |  1414 |    15 ||  2815
       Punch             |     3 |     1 |    14 |    42 |   100 |     4 ||   164
Throw: Stone             |    26 |     2 |    41 |   133 |   208 |       ||   410
Evoke: Wand              |       |     1 |     5 |    15 |    19 |       ||    40
       Deck              |       |     1 |     6 |    31 |    29 |       ||    67
       Sack of spiders   |       |       |       |       |     1 |       ||     1
  Use: Potion            |       |     3 |       |     2 |     1 |       ||     6
       Scroll            |       |       |     9 |    15 |     3 |       ||    27
 Stab: Invisible         |       |     1 |       |       |       |       ||     1
       Confused          |       |     1 |       |       |       |       ||     1
       Distracted        |       |       |       |     2 |     3 |     1 ||     6
       Petrifying        |       |       |       |       |     3 |       ||     3
       Petrified         |       |       |       |       |     1 |       ||     1
  Eat: Chunk             |    10 |     9 |    46 |    94 |   226 |     4 ||   389
       Buggy jelly       |       |       |       |     1 |       |       ||     1
Armor: Robe              |    30 |     6 |       |       |    49 |     1 ||    86
       Plate armour      |       |    12 |   252 |   337 |   489 |       ||  1090
       Chain mail        |       |     3 |       |       |       |       ||     3
Dodge: Dodged            |    99 |    25 |   113 |   174 |   375 |     7 ||   793
Block: Other             |       |       |       |    30 |   237 |     1 ||   268
       Reflection        |       |       |       |     2 |     4 |       ||     6

Table legend:
 A = Non-vault XP
 B = Vault XP
 C = Vault XP percentage of total XP
 D = Non-vault monster count
 E = Vault monster count
 F = Vault count percentage of total count
 G = Total turns spent on level
                 A         B        C        D         E       F
            +---------+---------+-------+---------+---------+-------
      Total |  130656 |       0 |   0.0 |     818 |       0 |   0.0
            +---------+---------+-------+---------+---------+-------
        D:1 |      55 |       0 |   0.0 |      28 |       0 |   0.0
        D:2 |     384 |       0 |   0.0 |      28 |       0 |   0.0
        D:3 |     321 |       0 |   0.0 |      34 |       0 |   0.0
        D:4 |     180 |       0 |   0.0 |      13 |       0 |   0.0
        D:5 |     249 |       0 |   0.0 |      21 |       0 |   0.0
        D:6 |     892 |       0 |   0.0 |      31 |       0 |   0.0
        D:7 |    1860 |       0 |   0.0 |      18 |       0 |   0.0
        D:8 |    1536 |       0 |   0.0 |      22 |       0 |   0.0
        D:9 |    1065 |       0 |   0.0 |      15 |       0 |   0.0
       D:10 |    2636 |       0 |   0.0 |      46 |       0 |   0.0
       D:11 |    6868 |       0 |   0.0 |      34 |       0 |   0.0
       D:12 |    6376 |       0 |   0.0 |      27 |       0 |   0.0
       D:13 |   19162 |       0 |   0.0 |      65 |       0 |   0.0
       D:14 |   11531 |       0 |   0.0 |      33 |       0 |   0.0
     Lair:1 |    3484 |       0 |   0.0 |      14 |       0 |   0.0
     Lair:2 |    3905 |       0 |   0.0 |      38 |       0 |   0.0
     Lair:3 |    3502 |       0 |   0.0 |      22 |       0 |   0.0
     Lair:4 |    3677 |       0 |   0.0 |       9 |       0 |   0.0
     Lair:5 |    4703 |       0 |   0.0 |      18 |       0 |   0.0
     Lair:6 |   30340 |       0 |   0.0 |     118 |       0 |   0.0
      Orc:1 |    7898 |       0 |   0.0 |      40 |       0 |   0.0
      Orc:2 |   13493 |       0 |   0.0 |      59 |       0 |   0.0
    Ossuary |     108 |       0 |   0.0 |      30 |       0 |   0.0
      IceCv |    6431 |       0 |   0.0 |      55 |       0 |   0.0
            +---------+---------+-------+---------+---------+-------
